 Dungeon Crawl Stone Soup version 0.26.1-2-gb8aa6d0cf2 (webtiles) character file.

Game seed: 152025260979307642

2013 DasRunzen the Conjurer (level 8, -10/66 HPs)
             Began as a Demigod Conjurer on Feb 8, 2021.
             Mangled by an orc warrior
             ... wielding a +1 halberd of protection
              (16 damage)
             ... on level 6 of the Dungeon.
             The game lasted 00:17:17 (8093 turns).

DasRunzen the Conjurer (Demigod Conjurer)           Turns: 8093, Time: 00:17:19

Health: -10/66     AC:  3    Str: 14    XL:     8   Next: 72%
Magic:  3/17       EV: 14    Int: 22    God:
Gold:   332        SH:  0    Dex: 14    Spells: 12/15 levels left

rFire    + . .     SeeInvis .   u - +0 long sword (holy)
rCold    . . .     Faith    .   (no shield)
rNeg     . . .     Spirit   .   a - +0 robe
rPois    .         Reflect  .   (no helmet)
rElec    .         Harm     .   g - +0 cloak
rCorr    +         Rampage  .   (no gloves)
Will     .....                  (no boots)
Stlth    ++........             (no amulet)
HPRegen  0.21/turn              h - ring of resist corrosion
MPRegen  0.15/turn              b - ring of protection from fire

@: no status effects
A: high mp 1
a: no special abilities


You were on level 6 of the Dungeon.
You visited 1 branch of the dungeon, and saw 6 of its levels.

You collected 332 gold pieces.

Inventory:

Hand Weapons
 u - a +0 long sword of holy wrath (weapon)
Armour
 a - a +0 robe (worn)
 g - a +0 cloak (worn)
Magical Staves
 p - an uncursed staff of air
Jewellery
 b - a ring of protection from fire (right hand)
 h - a ring of resist corrosion (left hand)
Wands
 d - a wand of flame (16)
 t - a wand of acid (7)
Scrolls
 f - 2 scrolls of teleportation
 k - 3 scrolls of enchant weapon
 n - a scroll of amnesia
 s - 2 scrolls of remove curse
Potions
 c - a potion of flight
 i - 2 potions of resistance {unknown}
 j - a potion of haste {unknown}
 l - a potion of cancellation {unknown}
 m - 2 potions of curing
 o - 2 potions of attraction {unknown}
 r - 2 potions of berserk rage {unknown}


   Skills:
 + Level 4.2 Fighting
 + Level 2.7 Staves
 + Level 4.2 Armour
 + Level 4.6 Dodging
 - Level 1.7 Stealth
 + Level 4.3 Spellcasting
 + Level 5.7 Conjurations
 + Level 2.7 Evocations


You had 12 spell levels left.
You knew the following spells:

 Your Spells              Type           Power        Failure   Level
a - Magic Dart            Conj           100%         1%          1
b - Searing Ray           Conj           58%          1%          2

Your spell library contained the following spells:

 Spells                   Type           Power        Failure   Level
 Dazzling Flash           Conj/Hex       34%          10%         3
 Fulminant Prism          Conj/Hex       8%           32%         4
 Iskenderun's Mystic Bla  Conj/Tloc      17%          32%         4


Dungeon Overview and Level Annotations

Branches:
Dungeon (6/15)
 Temple: D:4-7

Shops:
D:4 *

Annotations:
D:3 2 transporters


Innate Abilities, Weirdness & Mutations

You have an increased reservoir of magic. (+10% MP)


Message History

Unknown command.
Aiming: Throw Flame
Press: ? - help, Shift-Dir - straight line, f/p - orc warrior
Aim: an orc warrior, wielding a +1 halberd of protection and wearing a +0 chain mail (severely wounded, 32% to evade)
The puff of flame hits the orc warrior!
The orc warrior is almost dead.
The orc warrior closely misses you.
Aiming: Throw Flame
Press: ? - help, Shift-Dir - straight line, f/p - orc warrior
Aim: an orc warrior, wielding a +1 halberd of protection and wearing a +0 chain mail (almost dead, 32% to evade)
The puff of flame misses the orc warrior.
The orc warrior hits you from afar with a +1 halberd of protection!!
* * * LOW HITPOINT WARNING * * *
Aiming: Throw Flame
Press: ? - help, Shift-Dir - straight line, f/p - orc warrior
Aim: an orc warrior, wielding a +1 halberd of protection and wearing a +0 chain mail (almost dead, 32% to evade)
The puff of flame hits the orc warrior but does no damage.
The orc warrior is almost dead.
The orc warrior hits you from afar with a +1 halberd of protection!
You die...

.......#.....###...##.##
............###.......#.
#...........# #.###.....
#....#.....####.#......>
#....#.....###..........
##........#.##.....†.....
##........##.o............
#..........#....###.......
.........@)o....##........
.....................!....
.#.............##........
##............#.........
#.........#.... .....
##........##....
##.......# .#.. #.........
... #.........


You could see an orc warrior.

Vanquished Creatures
  Grinder (D:5)
  Sigmund (D:2)
  3 ice beasts
  Purgy (D:4)
  An eye of draining (D:4)
  A phantom (D:5)
  A centaur (D:5)
  An ogre (D:4)
  Blork the orc (D:4)
  2 bullfrogs (D:6)
  A hound (D:4)
  A jelly (D:5)
  An orc priest (D:4)
  2 bullfrog skeletons
  A centaur zombie (D:6)
  Crazy Yiuf (D:2)
  6 orc wizards
  Natasha (thrice) (D:2)
  3 worker ants
  A gnoll (D:1)
  5 adders
  A shadow imp (D:6)
  2 white imps
  An ufetubus (D:6)
  An ooze (D:5)
  An adder skeleton (D:4)
  5 worms
  3 dart slugs
  3 leopard geckos
  20 orcs
  A ball python (D:2)
  4 giant cockroaches
  5 goblins
  7 hobgoblins
  8 jackals
  3 quokkas
  5 bats
  2 frilled lizards
  A jackal zombie (D:6)
  4 kobolds
  2 quokka skeletons
  23 rats
140 creatures vanquished.

Vanquished Creatures (others)
  A human (D:2)
  5 toadstools (D:1)
6 creatures vanquished.

Grand Total: 146 creatures vanquished

Notes
Turn   | Place    | Note
-------+----------+-------------------------------------------
     0 | D:1      | DasRunzen the Demigod Conjurer began the quest for the Orb.
     0 | D:1      | Reached XP level 1. HP: 14/14 MP: 5/5
   326 | D:1      | Reached XP level 2. HP: 22/22 MP: 2/7
   329 | D:1      | Learned a level 2 spell: Searing Ray
   820 | D:1      | Found a broken altar of Ashenzari.
  1161 | D:2      | Reached skill level 1 in Fighting
  1161 | D:2      | Reached XP level 3. HP: 28/28 MP: 5/8
  1167 | D:2      | Reached skill level 1 in Armour
  1327 | D:2      | Noticed Natasha
  1342 | D:2      | Killed Natasha
  1406 | D:2      | Noticed Natasha
  1413 | D:2      | Killed Natasha
  1414 | D:2      | Reached skill level 4 in Conjurations
  1414 | D:2      | Reached XP level 4. HP: 19/35 MP: 0/10
  1779 | D:2      | Found a runed translucent door.
  1780 | D:2      | Noticed Crazy Yiuf
  1789 | D:2      | Killed Crazy Yiuf
  2167 | D:2      | Found an ancient bone altar of Kikubaaqudgha.
  2170 | D:2      | Noticed a human
  2171 | D:2      | Killed a human
  2194 | D:2      | Noticed Natasha
  2198 | D:2      | Killed Natasha
  2283 | D:2      | Reached XP level 5. HP: 41/41 MP: 8/11
  2423 | D:2      | Noticed Sigmund
  2431 | D:2      | Killed Sigmund
  2432 | D:2      | Reached XP level 6. HP: 33/48 MP: 2/13
  2933 | D:3      | Found a transporter.
  2934 | D:3      | Found a transporter.
  3064 | D:3      | Found a snail-covered altar of Cheibriados.
  3221 | D:3      | Found a sacrificial altar of Ru.
  4279 | D:4      | Reached XP level 7. HP: 56/56 MP: 8/15
  4459 | D:4      | Found Tfixzeli's Tempting Trifles.
  4578 | D:4      | Noticed Blork the orc
  4578 | D:4      | Noticed Purgy
  4596 | D:4      | Killed Blork the orc
  4739 | D:4      | Killed Purgy
  4740 | D:4      | Reached skill level 5 in Conjurations
  5110 | D:4      | Reached skill level 1 in Evocations
  5151 | D:4      | Reached skill level 1 in Staves
  5396 | D:5      | Entered Level 5 of the Dungeon
  5958 | D:5      | Reached XP level 8. HP: 64/64 MP: 5/17
  6891 | D:6      | Noticed Grinder
  6946 | D:5      | Killed Grinder
  8093 | D:6      | Mangled by an orc warrior

Illustrated notes

Levels and vault maps discovered:
D:1:      ldierk_walled_garden, layout_basic, ashenzari_altar_1
D:2:      layout_rooms, hangedman_decor_growths, tgw_kikubaaqudgha,
          uniq_sigmund, uniq_crazy_yiuf_cottage, uniq_natasha
D:3:      layout_loops_cross, gammafunk_temple_overflow_arena,
          cheibriados_altar_1, minmay_rat_hole
D:4:      layout_loops_corners, nicolae_alphabet_shops, uniq_blork_the_orc,
          uniq_purgy
D:5:      layout_loops_ring
D:6:      layout_cave_pools, kennysheep_mini_moat,
          grunt_temple_overflow_order_and_chaos_1, uniq_grinder

Skill      XL: |  1  2  3  4  5  6  7  8 |
---------------+-------------------------+-----
Dodging        | 2 3 4 |  4.6
Spellcasting   | 2 3 4 |  4.3
Fighting       | 1 2 3 4 |  4.2
Armour         | 1 2 3 4 |  4.2
Conjurations   | 4 5 |  5.7
Evocations     | 1 2 |  2.7
Staves         | 1 2 |  2.7
Stealth        | |  1.7

Action                   |  1- 3 |  4- 6 |  7- 9 || total
-------------------------+-------+-------+-------++-------
Melee: Dagger            |     9 |       |       ||     9
       Staff             |       |    18 |    37 ||    55
       Long sword        |       |       |    60 ||    60
 Cast: Magic Dart        |    58 |    39 |    10 ||   107
       Searing Ray       |     3 |    23 |    35 ||    61
Evoke: Wand              |       |       |     6 ||     6
  Use: Scroll            |     6 |     3 |     3 ||    12
Armor: Robe              |     3 |     2 |    35 ||    40
Dodge: Dodged            |    10 |    26 |   176 ||   212
       Rpst.: Long sword |       |       |    39 ||    39
